Map: Galactic Process LE

Players

DeeJay

  • Race: Zerg Zerg
  • League: Gold

ChicagoMedic - Winner!

  • Race: Protoss Protoss
  • League: Gold

VOD

Have the link to the VOD?

Description

Time

  • Played on: Oct. 12, 2016, 5:02 p.m.
  • Length: 6:12
Show
View Real Time Build Order
Export as new Build Order

DeeJay Zerg 

Build Orders: Hatch First 

Get SALT Encoding   

  12  0:03  Drone  
  13  0:13  Overlord  
  13  0:22  Drone  
  14  0:42  Drone x2  
  16  0:43  Overlord  
  16  1:02  Hatchery  
  15  1:08  Drone x2  
  17  1:12  Extractor  
  16  1:26  Drone x2  
  16  1:29  Extractor  
  17  1:39  Spawning Pool  
  16  1:41  Drone  
  17  1:47  Drone  
  18  1:58  Drone  
  19  2:16  Drone x2  
  21  2:26  Metabolic Boost  
  21  2:30  Queen x2  
  21  2:32  Zergling x2  
  21  2:34  Zergling x2  
  21  2:35  Zergling x2  
  28  2:55  Drone x2  
  28  2:56  Drone x2  
  32  3:05  Drone x2  
  34  3:11  Drone  
  35  3:13  Drone  
  36  3:24  Overlord  
  36  3:28  Hatchery, Overlord  
  34  3:38  Lair  
  34  3:43  Extractor  
  34  3:44  Drone  
  34  3:45  Drone x3  
  34  3:48  Drone x2  
  38  3:51  Drone  
  38  3:52  Drone  
  41  4:03  Zergling x8  
  45  4:11  Evolution Chamber  
  45  4:12  Evolution Chamber  
  45  4:14  Evolution Chamber  
  45  4:15  Drone x2  
  45  4:16  Drone  
  45  4:33  Roach Warren  
  44  4:52  Spore Crawler  
  42  4:54  Spore Crawler  
  42  4:55  Spore Crawler  
  42  4:58  Spine Crawler  
  37  5:01  Spine Crawler  
  37  5:02  Spore Crawler  
  37  5:03  Spore Crawler  
  34  5:09  Queen  
  18  5:36  Roach x2  
Show
View Real Time Build Order
Export as new Build Order

ChicagoMedic Protoss - Winner!

Build Orders: Dark Templar Rush 

Get SALT Encoding   

  12  0:01  Probe (Chrono Boost)  
  13  0:15  Pylon  
  13  0:17  Probe (Chrono Boost)  
  15  0:35  Probe (Chrono Boost)  
  15  0:38  Gateway  
  15  0:46  Probe (Chrono Boost)  
  15  0:48  Assimilator  
  16  0:54  Assimilator  
  16  0:56  Probe (Chrono Boost)  
  17  1:07  Probe (Chrono Boost)  
  18  1:17  Probe (Chrono Boost)  
  19  1:28  Probe (Chrono Boost)  
  20  1:39  Cybernetics Core, Probe (Chrono Boost)  
  21  1:45  Pylon  
  21  1:49  Probe (Chrono Boost)  
  22  2:00  Probe (Chrono Boost)  
  22  2:01  Warp Gate  
  23  2:02  Zealot  
  25  2:26  Gateway  
  25  2:30  Twilight Council  
  25  2:36  Stalker  
  27  2:49  Pylon  
  27  3:00  Gateway  
  27  3:08  Dark Shrine  
  27  3:13  Gateway  
  27  3:58  Pylon  
  27  4:21  Dark Templar x4  
  35  4:54  Dark Templar  
  35  4:55  Dark Templar  
  39  5:18  Dark Templar  
Tags
 
Add a new tag
Caveats
  • Supply blocks, unpowered buildings, or Contaminate may cause inaccurate times.
  • Supply counts are checked every 10 seconds.